 Dungeon Crawl Stone Soup version 0.29-a0-1009-g60c99734e7 (webtiles) character file.

Game seed: 11749759087357977190

155 gelatine the Chopper (level 5, -2/39 HPs)
             Began as a Demonspawn Gladiator on Aug 9, 2022.
             Killed by divine providence
             ... invoked by an orc priest
              (13 damage)
             ... on level 3 of the Dungeon.
             The game lasted 00:05:27 (2306 turns).

gelatine the Chopper (Demonspawn Gladiator)         Turns: 2306, Time: 00:05:27

Health: -2/39      AC:  9    Str: 16    XL:     5   Next: 14%
Magic:  5/5        EV: 12    Int:  9    God:
Gold:   117        SH:  0    Dex: 15    Spells: 4/4 levels left

rFire   . . .      SeeInvis .   a - +0 war axe
rCold   . . .      Faith    .   (no shield)
rNeg    . . .      Spirit   .   b - +0 leather armour
rPois   .          Reflect  .   c - +0 helmet
rElec   .          Harm     .   (no cloak)
rCorr   .          Rampage  .   (no gloves)
Will    .....                   h - +2 pair of boots
Stlth   +.........              (no amulet)
HPRegen 0.13/turn               (no ring)
MPRegen 0.09/turn               (no ring)

@: hasted, very quick
A: hooves 1, icy blue scales 1, demonic magic 2
a: no special abilities


You were on level 3 of the Dungeon.
You visited 1 branch of the dungeon, and saw 3 of its levels.

You collected 117 gold pieces.

Inventory:

Hand Weapons
 a - a +0 war axe (weapon)
Missiles
 d - 3 throwing nets (quivered)
 e - a javelin
Armour
 b - a +0 leather armour (worn)
 c - a +0 helmet (worn)
 h - a +2 pair of boots (worn)
 o - a +0 ring mail
Scrolls
 f - a scroll of poison
 i - a scroll of amnesia {unknown}
 j - a scroll of butterflies
 k - a scroll of brand weapon {unknown}
 l - a scroll of immolation
 n - a scroll of blinking {unknown}
 p - a scroll of teleportation {unknown}
Potions
 g - a potion of haste
 m - a potion of cancellation {unknown}


   Skills:
 + Level 2.3 Fighting
 + Level 4.4 Axes
 + Level 1.7 Throwing
 + Level 1.4 Armour
 + Level 3.2 Dodging
 + Level 0.4 Stealth


You had 4 spell levels left.
You didn't know any spells.
Your spell library contained the following spells:

 Spells                   Type           Power      Damage    Failure   Level
 Portal Projectile        Hex/Tloc       0%         N/A       83%         3
 Tukima's Dance           Hex            0%         N/A       83%         3
 Blade Hands              Tmut           0%         N/A       100%        5


Dungeon Overview and Level Annotations

Branches:
Dungeon (3/15)

Altars:


Innate Abilities, Weirdness & Mutations

You have large cloven feet.
You are partially covered in icy blue scales. (AC +2)
Spells you cast may paralyse nearby enemies.


Message History

An orc comes into view. It is wielding a +0 club.
The orc shouts!
The giant cockroach barely misses you.
You slash the giant cockroach!
You kill the giant cockroach!
The orc priest calls down the wrath of Beogh upon you.
Beogh smites you!
You hear a shout!
You open the door.
There is an open door here.
An orc wizard comes into view. It is wielding a +0 dagger.
The orc priest calls down the wrath of Beogh upon you.
Beogh smites you!
You barely miss the orc. The orc hits you with a +0 short sword.
* * * LOW HITPOINT WARNING * * *
The orc wizard casts a spell.
The orc wizard flickers and vanishes!
Deactivating autopickup; reactivate with Ctrl-A.
A giant cockroach comes into view.
The orc hits you with a +0 short sword.
* * * LOW HITPOINT WARNING * * *
You feel yourself speed up. The orc closely misses you.
You closely miss the orc. The orc closely misses you.
You barely miss the orc. You hit the orc.
The orc is heavily wounded.
The orc closely misses you.
The orc priest looks satisfied for a moment.
You barely miss the orc.
The orc is heavily wounded.
The orc completely misses you.
The giant cockroach waves its antennae.
You slash the orc!
You kill the orc!
You barely miss the orc. The orc completely misses you.
You slash the orc!
You kill the orc!
The orc priest calls down the wrath of Beogh upon you.
Beogh smites you!
You die...

####### #.....#
###### #.#
#..... #@#
#..... #B#
#..... ####'###
#######.....
#...o..#
#...........
#......#
#.#####.####
#......#.#.#
#.....
#......#.#.#
#.....
####........#.#
#....†
...$.......###.#
#...).


You could see an orc priest and a giant cockroach.

Vanquished Creatures
  A hound (D:3)
  Robin (D:3)
  An adder (D:2)
  2 worms
  A dart slug (D:1)
  5 orcs (D:3)
  5 bats
  7 endoplasms
  2 giant cockroaches
  13 goblins
  16 hobgoblins
  6 jackals
  6 kobolds
  A quokka (D:2)
  6 ball pythons
  2 frilled lizards (D:2)
  4 rats (D:2)
79 creatures vanquished.

Notes
Turn   | Place    | Note
-------+----------+-------------------------------------------
     0 | D:1      | gelatine the Demonspawn Gladiator began the quest for the
                  | Orb.
     0 | D:1      | Reached XP level 1. HP: 16/16 MP: 1/1
    92 | D:1      | Reached skill level 3 in Axes
   181 | D:1      | Gained mutation: You are partially covered in icy blue
                  | scales. (AC +2) [demonic ancestry]
   181 | D:1      | Reached XP level 2. HP: 15/22 MP: 2/2
   479 | D:1      | Found a faded altar of an unknown god.
   571 | D:1      | Gained mutation: Spells you cast may paralyse adjacent
                  | enemies. [demonic ancestry]
   571 | D:1      | Reached XP level 3. HP: 14/27 MP: 3/3
  1634 | D:2      | Gained mutation: You have large cloven feet. [demonic
                  | ancestry]
  1634 | D:2      | Reached XP level 4. HP: 32/33 MP: 4/4
  1844 | D:3      | Reached skill level 1 in Armour
  1950 | D:3      | Noticed Robin
  1972 | D:3      | Killed Robin
  1973 | D:3      | Reached skill level 4 in Axes
  2118 | D:3      | Gained mutation: Spells you cast may paralyse nearby
                  | enemies. [demonic ancestry]
  2118 | D:3      | Reached XP level 5. HP: 35/38 MP: 5/5
  2306 | D:3      | Killed from afar by an orc priest

Illustrated notes

Levels and vault maps discovered:
D:1:      erik_arrival_triangle_huge, layout_loops_ring,
          ebering_ecumenical_altar_mist
D:2:      layout_basic, chequers_serial_rivers_small_a
D:3:      layout_basic, mainiacjoe_overflow_24_doors, ashenzari_altar_1,
          uniq_robin

Skill      XL: |  1  2  3  4 |
---------------+-------------+-----
Axes           | 3 4 |  4.4
Dodging        | 3 |  3.2
Armour         | 1 |  1.4
Fighting       | |  2.3
Throwing       | |  1.7
Stealth        | |  0.4

Action                   |  1- 3 |  4- 6 || total
-------------------------+-------+-------++-------
Melee: War axe           |   101 |    78 ||   179
       Punch             |     2 |     1 ||     3
  Use: Scroll            |       |     5 ||     5
       Potion            |       |     3 ||     3
 Stab: Sleeping          |     1 |       ||     1
Armor: Leather armour    |    46 |    34 ||    80
Dodge: Dodged            |    73 |    51 ||   124

Table legend: (Time is in decaauts)
 A = Elapsed time spent in this place.
 B = Non-inter-level travel time spent in this place.
 C = Inter-level travel time spent in this place.
 D = Time resting spent in this place.
 E = Time spent auto-exploring this place.
 F = Levels seen in this place.
 G = Mean time per level.
                   A        B        C        D        E       F      G
               +--------+--------+--------+--------+--------+-----+--------+
         Total |   2342 |   2286 |     56 |      0 |   1733 |   3 |  780.7 |
       Dungeon |   2342 |   2286 |     56 |      0 |   1733 |   3 |  780.7 |
               +--------+--------+--------+--------+--------+-----+--------+

Top non-repeatable levels by time:
     D:1: 1224 daAuts
     D:2: 634 daAuts
     D:3: 482 daAuts
